[Event "Titled Tuesday Blitz July 25 Early 2023"]
[White "Zepeda Berlanga, Jan Enrique"]
[Black "Samaganova, Aleksandra"]
[WhiteFideId "5132355"]
[BlackFideId "13800221"]
[WhiteElo "1853"]
[BlackElo "2265"]
[Result "0-1"]
[Round "6"]
[TimeControl "180+2"]
[Date "2023.07.25"]
[WhiteClock "0:00:08"]
[BlackClock "0:00:07"]
[Board "212"]

1. c4 c5 2. Nf3 Nf6 3. Nc3 e6 4. g3 Nc6 5. Bg2 Be7 6. d4 cxd4 7. Nxd4 a6 8. e4 O-O 9. O-O Qc7 10. Bf4 e5 11. Nxc6 dxc6 12. Be3 Be6 13. Qe2 b5 14. cxb5 cxb5 15. Nd5 Qb7 16. Nxe7+ Qxe7 17. Rac1 Bc4 18. Qd2 Rfd8 19. Qc2 Bxf1 20. Bxf1 Qe6 21. f3 Qxa2 22. Bd3 h6 23. f4 Qe6 24. f5 Qe7 25. Bc5 Qd7 26. Rd1 Rac8 27. b4 Qc6 28. Qe2 Rd7 29. Rc1 Qb7 30. g4 Rcd8 31. Rc3 a5 32. h4 axb4 33. Bxb4 Rc8 34. Kg2 Rxc3 35. Bxc3 b4 36. Bb2 Qc7 37. g5 hxg5 38. hxg5 Ne8 39. Bb5 Rd8 40. f6 Qd6 41. Bxe8 Rxe8 42. fxg7 Kxg7 43. Qh5 Qg6 44. Qe2 Qxg5+ 45. Kf3 Qf4+ 46. Kg2 Re6 47. Qc4 Rg6+ 48. Kh1 Qh4# 0-1


[Site "https://www.chess.com"]

[Event "Titled Tuesday Blitz July 25 Early 2023"]
[White "Sariego Figueredo, Wilfredo"]
[Black "Womacka, Mathias"]
[WhiteFideId "3500080"]
[BlackFideId "4611390"]
[WhiteElo "2201"]
[BlackElo "2491"]
[Result "0-1"]
[Round "6"]
[TimeControl "180+2"]
[Date "2023.07.25"]
[WhiteClock "0:01:18"]
[BlackClock "0:01:21"]
[Board "213"]

1. d4 Nf6 2. Bf4 c5 3. d5 Qb6 4. Nc3 Qxb2 5. Bd2 Qb6 6. e4 d6 7. Nf3 e6 8. Bc4 exd5 9. Nxd5 Nxd5 10. Bxd5 Be7 11. Bc3 O-O 12. O-O Nc6 13. Re1 Be6 14. Rb1 Qc7 15. e5 dxe5 16. Bxe6 fxe6 17. Nxe5 Bf6 18. f4 Nxe5 19. Bxe5 Bxe5 20. fxe5 Rad8 21. Qg4 Qc6 22. Rbd1 h6 23. Rf1 Rxf1+ 24. Rxf1 Qd5 25. Rb1 b6 26. Re1 Qd4+ 27. Qxd4 Rxd4 28. Kf2 Rd2+ 29. Re2 Rxe2+ 30. Kxe2 Kf7 31. Kd3 Ke7 32. Kc4 Kd7 33. Kb5 Kc7 34. h4 Kb7 35. h5 a6+ 36. Kc4 Kc6 37. a4 b5+ 38. axb5+ axb5+ 39. Kd3 Kd5 40. Ke3 Kxe5 41. g4 b4 42. c3 bxc3 43. Kd3 Kf4 44. Kxc3 Kxg4 45. Kc4 Kxh5 46. Kxc5 Kg4 47. Kd6 h5 48. Ke5 h4 49. Kxe6 h3 50. Kf7 h2 51. Kxg7 h1=Q 52. Kg8 Qb7 53. Kf8 Kf5 54. Kg8 Kg6 55. Kh8 Qb8# 0-1


[Site "https://www.chess.com"]

[Event "Titled Tuesday Blitz July 25 Early 2023"]
[White "Novikova, Margarita"]
[Black "Akylbek2021"]
[WhiteFideId "14109689"]
[WhiteElo "2170"]
[BlackElo "2442"]
[Result "0-1"]
[Round "6"]
[TimeControl "180+2"]
[Date "2023.07.25"]
[WhiteClock "0:01:31"]
[BlackClock "0:02:03"]
[Board "214"]

1. e4 e6 2. d4 d5 3. Nd2 Nc6 4. exd5 exd5 5. c3 Bd6 6. Ngf3 Nge7 7. Bd3 Bf5 8. Nf1 Qd7 9. Ng3 Bg6 10. Be3 h5 11. Bxg6 Nxg6 12. Qd3 Nce7 13. Bg5 f6 14. Nh4 Nxh4 15. Bxh4 g5 16. Bxg5 fxg5 17. O-O-O h4 18. Ne2 O-O-O 19. Kb1 Qf5 20. Ka1 Qxd3 21. Rxd3 Rdf8 22. f3 Ng6 0-1


[Site "https://www.chess.com"]

[Event "Titled Tuesday Blitz July 25 Early 2023"]
[White "Kiseljova, Marya"]
[Black "Ardila, Oscar Humberto"]
[WhiteFideId "4155009"]
[BlackFideId "4404742"]
[WhiteElo "2131"]
[BlackElo "2238"]
[Result "1-0"]
[Round "6"]
[TimeControl "180+2"]
[Date "2023.07.25"]
[WhiteClock "0:00:23"]
[BlackClock "0:00:09"]
[Board "215"]

1. d4 Nf6 2. c4 e6 3. Nf3 Bb4+ 4. Nbd2 O-O 5. g3 d5 6. Bg2 Nbd7 7. O-O c6 8. a3 Bd6 9. b4 a5 10. b5 cxb5 11. cxb5 Nb6 12. a4 Qe7 13. Qb3 Bd7 14. Ba3 Rac8 15. Bxd6 Qxd6 16. Rfc1 Rfd8 17. Ne5 Be8 18. e3 Nfd7 19. Nxd7 Bxd7 20. Bf1 h5 21. h4 f6 22. Be2 Be8 23. Qd3 g6 24. Nb3 Qb4 25. Nc5 Nd7 26. Nxb7 Rxc1+ 27. Rxc1 Rb8 28. Rc7 Qxa4 29. Nd6 Nf8 30. Nxe8 Rxe8 31. b6 Qb4 32. b7 Qb6 33. Qc2 a4 34. Rc8 a3 35. Rxe8 Qxb7 36. Qxg6+ Qg7 37. Qxg7+ Kxg7 38. Ra8 Nd7 39. Rxa3 Nb6 40. Bxh5 f5 41. Ra7+ Kf6 42. Be2 f4 43. exf4 Kf5 44. Bd3+ Kg4 45. Kg2 e5 46. dxe5 d4 47. f3+ Kh5 48. Rh7# 1-0


[Site "https://www.chess.com"]

[Event "Titled Tuesday Blitz July 25 Early 2023"]
[White "Guevara Sanchez, Erick Marvin"]
[Black "Khouri, Ahmed Abbas"]
[WhiteFideId "6700136"]
[BlackFideId "9301518"]
[WhiteElo "2093"]
[BlackElo "2224"]
[Result "0-1"]
[Round "6"]
[TimeControl "180+2"]
[Date "2023.07.25"]
[WhiteClock "0:00:09"]
[BlackClock "0:00:44"]
[Board "216"]

1. e4 d5 2. exd5 Qxd5 3. Nc3 Qd6 4. d4 Nf6 5. g3 c6 6. Bg2 Bg4 7. Nge2 Nbd7 8. Bf4 Qb4 9. O-O e6 10. a3 Qa5 11. h3 Bh5 12. g4 Bg6 13. Re1 Be7 14. Nc1 O-O 15. Nd3 Rfe8 16. Ne5 Rac8 17. Nxg6 hxg6 18. Qe2 Nd5 19. Nxd5 cxd5 20. c3 Nb6 21. g5 Nc4 22. h4 Bd6 23. Bxd6 Nxd6 24. h5 gxh5 25. Qxh5 g6 26. Qh3 Kg7 27. Qg3 Qc7 28. Qe5+ Kg8 29. Qf6 Qd8 30. Qe5 Nf5 31. f4 Qc7 32. Bh3 Qxe5 33. Rxe5 Nd6 34. Bf1 Rc6 35. Bd3 Rb6 36. Rb1 Rc8 37. Kf2 Kg7 38. Ke2 Nc4 39. Bxc4 Rxc4 40. Kd2 f6 41. gxf6+ Kxf6 42. Re2 Kf5 43. Rf2 Ke4 44. Re1+ Kf5 45. Re5+ Kf6 46. Kc2 Rbc6 47. Kd3 b5 48. Rh2 a5 49. Rh8 b4 50. axb4 axb4 51. cxb4 Rxb4 52. Rf8+ Kg7 53. Re8 Rb3+ 54. Ke2 Rxb2+ 55. Kf3 Kf7 56. Rd8 Rc3+ 57. Kg4 Rg2+ 58. Kh4 Rc1 59. Kh3 Rcg1 60. Rd7+ Kf6 61. Rd8 Rg3+ 62. Kh2 R1g2+ 63. Kh1 Rd2 64. Re1 Rxd4 65. Rf8+ Kg7 66. Re8 Rxf4 67. R8xe6 Rh4# 0-1


[Site "https://www.chess.com"]

[Event "Titled Tuesday Blitz July 25 Early 2023"]
[White "KSho99"]
[Black "Graham, Nathaniel"]
[BlackFideId "2007983"]
[WhiteElo "2213"]
[BlackElo "1974"]
[Result "0-1"]
[Round "6"]
[TimeControl "180+2"]
[Date "2023.07.25"]
[WhiteClock "0:00:00"]
[BlackClock "0:00:13"]
[Board "217"]

1. d4 d5 2. Nc3 Nf6 3. Bf4 c5 4. e4 Nxe4 5. Nxe4 dxe4 6. dxc5 Qa5+ 7. c3 Qxc5 8. Qa4+ Bd7 9. Qxe4 Bc6 10. Qe3 Nd7 11. Nf3 Qxe3+ 12. Bxe3 e5 13. Be2 Be7 14. O-O O-O 15. Rfd1 Rfd8 16. a4 f6 17. a5 Nc5 18. b4 Ne4 19. Rdc1 a6 20. Bb6 Rdc8 21. Bc4+ Kf8 22. Be6 Re8 23. Bb3 Rac8 24. Rc2 Bb5 25. Rac1 Bd3 26. Ra2 Nxc3 27. Rxc3 Rxc3 28. Bd1 Rc1 29. Rd2 Bc2 0-1


[Site "https://www.chess.com"]

[Event "Titled Tuesday Blitz July 25 Early 2023"]
[White "Guerra Tulcan, Lenin"]
[Black "Hartikainen, Jarmo"]
[WhiteFideId "3601382"]
[BlackFideId "503134"]
[WhiteElo "2574"]
[BlackElo "2088"]
[Result "1-0"]
[Round "6"]
[TimeControl "180+2"]
[Date "2023.07.25"]
[WhiteClock "0:00:22"]
[BlackClock "0:00:00"]
[Board "218"]

1. e4 c5 2. Nf3 Nc6 3. d4 cxd4 4. Nxd4 Nf6 5. Nc3 d6 6. Be2 e5 7. Nf3 Be7 8. O-O Be6 9. b3 O-O 10. Bb2 Rc8 11. Re1 a6 12. Bf1 Qc7 13. Nd5 Bxd5 14. exd5 Nb8 15. c4 Nbd7 16. Nd4 g6 17. f4 Rfe8 18. Nf3 exf4 19. Qd2 Bf8 20. Qxf4 Bg7 21. Bd4 b5 22. Ng5 bxc4 23. Bxc4 Ne5 24. Bxe5 dxe5 25. Qh4 Qd6 26. Rf1 h6 27. Ne4 Nxe4 28. Qxe4 f5 29. Qe2 e4 30. Rad1 a5 31. Bb5 Re5 32. Bc6 Re7 33. Qa6 Rcc7 34. Qxa5 Be5 35. h3 f4 36. Kh1 f3 37. gxf3 exf3 38. Rxf3 Rf7 39. Qa8+ Kg7 40. Rdf1 Rxf3 41. Rxf3 Bf6 42. Qa4 Re7 43. Qg4 h5 44. Qg2 Qe5 45. Qf2 Qe1+ 46. Qxe1 Rxe1+ 47. Kg2 Re2+ 48. Rf2 Rxf2+ 49. Kxf2 Be7 50. Ke3 Bc5+ 51. Ke4 Kf6 52. Be8 h4 53. Bd7 g5 54. Kd3 Ke7 55. Bg4 Kd6 56. Kc4 Ba3 57. b4 Bc1 58. a4 Be3 59. Be6 Kc7 60. a5 Kb7 61. Kb5 Bf2 62. Ka4 Kc7 63. b5 Kb7 64. b6 1-0


[Site "https://www.chess.com"]

[Event "Titled Tuesday Blitz July 25 Early 2023"]
[White "Winkels, Marcel"]
[Black "Vafin, Ayrat"]
[WhiteFideId "1003887"]
[BlackFideId "4146530"]
[WhiteElo "2041"]
[BlackElo "2357"]
[Result "1-0"]
[Round "6"]
[TimeControl "180+2"]
[Date "2023.07.25"]
[WhiteClock "0:00:17"]
[BlackClock "0:00:00"]
[Board "219"]

1. e4 c6 2. d4 d5 3. exd5 cxd5 4. c3 Nc6 5. Bd3 Nf6 6. Bf4 g6 7. Nf3 Bg4 8. h3 Bf5 9. O-O Bxd3 10. Qxd3 Bg7 11. Nbd2 O-O 12. Rfe1 e6 13. b4 Re8 14. Ne5 Nh5 15. Bh2 Ne7 16. a4 a6 17. a5 Nf5 18. Nb3 Nf6 19. Nc5 Qc8 20. Reb1 Bf8 21. g4 Nd6 22. Na4 Nfe4 23. f3 Nf6 24. Nb6 Qc7 25. Nxa8 Rxa8 26. Rc1 Qd8 27. Rab1 Rc8 28. Bg3 Bg7 29. Qe2 Nfe8 30. Nd3 Nc4 31. Nc5 Qe7 32. b5 axb5 33. Rxb5 Bf8 34. Rxb7 Qd8 35. a6 Na5 36. a7 Nxb7 37. Nxb7 Qd7 38. Rb1 Ra8 39. Qa2 1-0


[Site "https://www.chess.com"]

[Event "Titled Tuesday Blitz July 25 Early 2023"]
[White "Maluco_do_Natal_00"]
[Black "Fernandez Hernandez, Gerardo"]
[BlackFideId "2207400"]
[WhiteElo "2034"]
[BlackElo "2224"]
[Result "0-1"]
[Round "6"]
[TimeControl "180+2"]
[Date "2023.07.25"]
[WhiteClock "0:00:00"]
[BlackClock "0:00:02"]
[Board "220"]

1. e4 e6 2. d4 d5 3. Nc3 Nc6 4. Nf3 Nf6 5. Bd3 Bb4 6. e5 Ne4 7. Bd2 Nxd2 8. Qxd2 f6 9. a3 Bxc3 10. bxc3 fxe5 11. dxe5 O-O 12. Qe3 Bd7 13. O-O Qe7 14. c4 Nd8 15. cxd5 exd5 16. c4 Be6 17. Ng5 h6 18. Nxe6 Qxe6 19. cxd5 Qxd5 20. Rfd1 Kh8 21. Qg3 Qf7 22. Rac1 Nc6 23. Be4 Rad8 24. Bxc6 bxc6 25. Rxd8 Rxd8 26. h3 Qd5 27. Re1 Qe6 28. f4 Rd5 29. Qe3 c5 30. Qe4 Rd4 31. Qe3 c6 32. Kh1 h5 33. Rc1 Qd5 34. Qe2 Rd2 35. Qxh5+ Kg8 36. Rg1 c4 37. Qe8+ Kh7 38. Qh5+ Kg8 39. Qg4 Qd4 40. e6 Re2 41. f5 Re3 42. e7 c3 43. e8=Q+ Rxe8 0-1


[Site "https://www.chess.com"]

[Event "Titled Tuesday Blitz July 25 Early 2023"]
[White "Bogumil, Tatiana"]
[Black "Joshi, Pankaj"]
[WhiteFideId "4110579"]
[BlackFideId "5006210"]
[WhiteElo "2026"]
[BlackElo "2217"]
[Result "0-1"]
[Round "6"]
[TimeControl "180+2"]
[Date "2023.07.25"]
[WhiteClock "0:00:00"]
[BlackClock "0:00:21"]
[Board "221"]

1. Nf3 Nf6 2. c4 g6 3. b4 Bg7 4. Bb2 O-O 5. g3 a5 6. b5 c6 7. a4 d5 8. cxd5 cxb5 9. axb5 Qxd5 10. Nc3 Qd8 11. Bg2 Nbd7 12. d4 Nb6 13. Ne5 Nfd7 14. f4 Nxe5 15. fxe5 Nc4 16. Bc1 Bg4 17. Bxb7 Ra7 18. Bg2 Rd7 19. d5 Bxe5 20. Qd3 Bf5 21. e4 Bg4 22. O-O Qb6+ 23. Kh1 Rc8 24. h3 h5 25. Ra2 Kg7 26. Ne2 Bxe2 27. Rxe2 f6 0-1


[Site "https://www.chess.com"]

[Event "Titled Tuesday Blitz July 25 Early 2023"]
[White "Lohani, Sujana"]
[Black "Floresvillar Gonzalez, Luis Migu"]
[WhiteFideId "12311987"]
[BlackFideId "5100542"]
[WhiteElo "1926"]
[BlackElo "2096"]
[Result "1-0"]
[Round "6"]
[TimeControl "180+2"]
[Date "2023.07.25"]
[WhiteClock "0:01:05"]
[BlackClock "0:00:00"]
[Board "222"]

1. d4 Nf6 2. Nf3 d5 3. c4 c6 4. cxd5 cxd5 5. Nc3 Nc6 6. Bf4 Qb6 7. Qd2 Bf5 8. e3 e6 9. Bb5 Bb4 10. O-O Ne4 11. Qe1 Bxc3 12. Bxc6+ Qxc6 13. bxc3 Qxc3 14. Rc1 Qxe1 15. Rfxe1 O-O 16. Rc7 b6 17. Rec1 f6 18. h3 Rf7 19. Rc8+ Rxc8 20. Rxc8+ Rf8 21. Rc7 a6 22. Nh4 g5 23. Nxf5 exf5 24. Bh2 b5 25. f3 Nd2 26. Bd6 Rf7 27. Rc8+ Kg7 28. Ra8 Nc4 29. Bc5 a5 30. Kf2 h5 31. Rb8 b4 32. Rb6 g4 33. Re6 gxh3 34. gxh3 Rd7 35. Re8 f4 36. exf4 1-0


[Site "https://www.chess.com"]

[Event "Titled Tuesday Blitz July 25 Early 2023"]
[White "Dubov, Daniil"]
[Black "Iturrizaga Bonelli, Eduardo"]
[WhiteFideId "24126055"]
[BlackFideId "3901211"]
[WhiteElo "3113"]
[BlackElo "2919"]
[Result "1-0"]
[Round "7"]
[TimeControl "180+2"]
[Date "2023.07.25"]
[WhiteClock "0:00:03"]
[BlackClock "0:00:00"]
[Board "1"]

1. Nf3 Nf6 2. g3 g6 3. Bg2 Bg7 4. O-O O-O 5. c4 c6 6. Qc2 d5 7. b3 a5 8. Bb2 a4 9. d3 axb3 10. axb3 Rxa1 11. Bxa1 Na6 12. Bc3 Re8 13. Qb2 Bg4 14. Nbd2 Bxf3 15. Nxf3 e6 16. Ra1 Nh5 17. Ne5 Nc5 18. b4 Nd7 19. Nxd7 Qxd7 20. Bf3 Bxc3 21. Qxc3 Ng7 22. b5 Nf5 23. Ra7 cxb5 24. cxd5 exd5 25. Qc5 Qc6 26. Qxd5 Rxe2 27. Qxc6 Re1+ 28. Kg2 bxc6 29. Bxc6 Re5 30. Rd7 b4 31. Bd5 Re7 32. Rd8+ Kg7 33. Rb8 Rd7 34. Bc4 Nd6 35. Rxb4 Nxc4 36. dxc4 Rd2 37. Rb7 Rc2 38. Rc7 h5 39. h4 Kf6 40. Kf3 Ke6 41. Ke3 f6 42. Rc6+ Kf5 43. Rc5+ Kg4 44. Rc6 Kf5 45. c5 Ke5 46. Rc8 Kd5 47. Rd8+ Ke6 48. Rd6+ Ke5 49. f4+ Kf5 50. c6 g5 51. hxg5 fxg5 52. Rd5+ Kf6 53. Rxg5 h4 54. g4 Rxc6 55. Rh5 Rc3+ 56. Kd4 Rh3 57. Ke4 Kg6 58. f5+ 1-0


[Site "https://www.chess.com"]

[Event "Titled Tuesday Blitz July 25 Early 2023"]
[White "Vachier-Lagrave, Maxime"]
[Black "Bortnyk, Olexandr"]
[WhiteFideId "623539"]
[BlackFideId "14120828"]
[WhiteElo "3133"]
[BlackElo "3058"]
[Result "1-0"]
[Round "7"]
[TimeControl "180+2"]
[Date "2023.07.25"]
[WhiteClock "0:00:53"]
[BlackClock "0:00:00"]
[Board "2"]

1. d4 Nf6 2. c4 b6 3. Nc3 Bb7 4. f3 Nc6 5. e4 e5 6. dxe5 Nxe5 7. Be3 Bc5 8. Qd2 O-O 9. Nh3 Re8 10. Be2 c6 11. Bxc5 bxc5 12. O-O-O d5 13. f4 Nxc4 14. Bxc4 dxc4 15. Qxd8 Raxd8 16. Rxd8 Rxd8 17. Rd1 Rd4 18. Ng5 Bc8 19. Nf3 Rxd1+ 20. Kxd1 Bg4 21. Ke2 Kf8 22. Ke3 Bxf3 23. Kxf3 Ke7 24. Nd1 Nd7 25. Ne3 Nb6 26. e5 f6 27. exf6+ gxf6 28. Ke4 Ke6 29. g4 a6 30. h4 h6 31. a3 a5 32. h5 Kf7 33. Nf5 Ke6 34. Nxh6 Na4 35. Nf5 Nxb2 36. h6 c3 37. h7 c2 38. h8=Q 1-0


[Site "https://www.chess.com"]

[Event "Titled Tuesday Blitz July 25 Early 2023"]
[White "Bluebaum, Matthias"]
[Black "Martinez Alcantara, Jose Eduardo"]
[WhiteFideId "24651516"]
[BlackFideId "3805662"]
[WhiteElo "3057"]
[BlackElo "2994"]
[Result "1-0"]
[Round "7"]
[TimeControl "180+2"]
[Date "2023.07.25"]
[WhiteClock "0:00:39"]
[BlackClock "0:00:01"]
[Board "3"]

1. d4 d5 2. c4 dxc4 3. e4 e5 4. Nf3 Bb4+ 5. Bd2 Bxd2+ 6. Qxd2 exd4 7. Nxd4 Nf6 8. Nc3 O-O 9. O-O-O c5 10. Ndb5 Qxd2+ 11. Rxd2 Nc6 12. Bxc4 a6 13. Nd6 b5 14. Bd5 Bd7 15. f4 Ra7 16. Bxc6 Bxc6 17. e5 Ng4 18. Nd5 h5 19. h3 Nh6 20. Rg1 h4 21. g4 hxg3 22. Rxg3 Kh8 23. f5 Rd7 24. f6 g6 25. Ne7 Rc7 26. e6 Kh7 27. exf7 Nxf7 28. Rxg6 Ne5 29. Rg7+ Kh8 30. Ng6+ Nxg6 31. Rxc7 Bf3 32. Nf7+ Kg8 33. Ng5 Ne5 34. Re7 Rxf6 35. Rd8+ Rf8 36. Rxf8+ Kxf8 37. Rxe5 Bc6 38. Re6 Bd7 39. Rxa6 b4 40. Ne6+ Ke7 41. Nxc5 Bxh3 42. a3 b3 43. Nxb3 Bf1 44. Ra5 Bc4 45. Nd2 Bf7 46. b4 Kd6 47. Kb2 Kc7 48. Kc3 Kb6 49. Rc5 Be8 50. Nc4+ Ka7 51. Ra5+ Kb8 52. Ne5 Bg6 53. Nxg6 Kc7 54. Rc5+ Kb8 55. a4 Kb7 56. Kc4 Ka8 57. Kb5 Ka7 58. Ne5 Kb8 59. a5 Kb7 60. a6+ Kb8 61. Kb6 Ka8 62. Rc8# 1-0


[Site "https://www.chess.com"]

[Event "Titled Tuesday Blitz July 25 Early 2023"]
[White "Megaranto, Susanto"]
[Black "Kramnik, Vladimir"]
[WhiteFideId "7101384"]
[BlackFideId "4101588"]
[WhiteElo "2948"]
[BlackElo "2998"]
[Result "1/2-1/2"]
[Round "7"]
[TimeControl "180+2"]
[Date "2023.07.25"]
[WhiteClock "0:00:12"]
[BlackClock "0:00:06"]
[Board "4"]

1. e4 c5 2. Nf3 e6 3. c3 Nf6 4. e5 Nd5 5. d4 cxd4 6. cxd4 d6 7. exd6 Bxd6 8. Bd3 Bb4+ 9. Bd2 Bxd2+ 10. Qxd2 Nd7 11. Nc3 N7f6 12. O-O O-O 13. Ne5 b6 14. Nxd5 Nxd5 15. Be4 Bb7 16. Rac1 Qe7 17. a3 Rac8 18. Rxc8 Rxc8 19. Rc1 Rc7 20. Rxc7 Qxc7 21. Bxd5 Bxd5 22. Qc3 Qxc3 23. bxc3 f6 24. Nd3 Kf7 25. f3 g5 26. Kf2 Ke7 27. Ke3 Kd6 28. Nb2 e5 29. Nd3 h6 30. dxe5+ fxe5 31. g3 a5 32. h4 gxh4 33. gxh4 b5 34. f4 exf4+ 35. Nxf4 Ke5 36. Ng6+ Kf6 37. Nf4 Bc6 38. Ne2 Ke5 39. Nd4 Bd7 40. Nb3 a4 41. Nd4 Be8 42. Nf3+ Kf5 43. Nd2 Kg4 44. c4 bxc4 45. Nxc4 h5 46. Ne5+ Kxh4 47. Kf4 Kh3 48. Nf3 Bc6 49. Nd4 Bb7 50. Kg5 Kg3 51. Kxh5 Kf4 52. Ne6+ Ke5 53. Nc5 Bc6 54. Nxa4 Bxa4 55. Kh4 Kd4 56. Kg3 Kc4 57. Kf2 Kb3 58. Ke3 Kxa3 1/2-1/2


[Site "https://www.chess.com"]

[Event "Titled Tuesday Blitz July 25 Early 2023"]
[White "So, Wesley"]
[Black "Hovhannisyan, Robert"]
[WhiteFideId "5202213"]
[BlackFideId "13302507"]
[WhiteElo "3097"]
[BlackElo "2972"]
[Result "1-0"]
[Round "7"]
[TimeControl "180+2"]
[Date "2023.07.25"]
[WhiteClock "0:00:21"]
[BlackClock "0:00:00"]
[Board "5"]

1. e3 e5 2. d4 exd4 3. exd4 d5 4. Nf3 Nf6 5. Bd3 Bd6 6. Qe2+ Qe7 7. Qxe7+ Kxe7 8. O-O Re8 9. Re1+ Kf8 10. Rxe8+ Kxe8 11. Nc3 c6 12. Ne5 Nbd7 13. Bf4 Nh5 14. Bd2 Kf8 15. Re1 Nhf6 16. h3 Nb6 17. g4 h6 18. a3 Be6 19. Bf4 Rd8 20. Kg2 Nc4 21. Bc1 g5 22. f4 gxf4 23. Kf3 Kg7 24. a4 Nd7 25. Nxd7 Rxd7 26. Re2 Rd8 27. Nd1 a5 28. c3 Rh8 29. b3 Ne3 30. Nxe3 fxe3 31. Rg2 Kf8 32. h4 h5 33. g5 Bg4+ 34. Kxe3 Kg7 35. Kf2 Re8 36. Bd2 c5 37. Be3 b6 38. Rg1 Bh2 39. Re1 Bd6 40. dxc5 bxc5 41. Bd4+ cxd4 42. Rxe8 dxc3 43. Rd8 Bc5+ 44. Ke1 d4 45. Rd5 Bb4 46. Bc2 1-0


[Site "https://www.chess.com"]

[Event "Titled Tuesday Blitz July 25 Early 2023"]
[White "Giri, Anish"]
[Black "Bernadskiy, Vitaliy"]
[WhiteFideId "24116068"]
[BlackFideId "14100371"]
[WhiteElo "3055"]
[BlackElo "2892"]
[Result "1-0"]
[Round "7"]
[TimeControl "180+2"]
[Date "2023.07.25"]
[WhiteClock "0:01:41"]
[BlackClock "0:00:35"]
[Board "6"]

1. e4 c5 2. Nf3 d6 3. d4 cxd4 4. Nxd4 Nf6 5. Nc3 g6 6. Be3 Nc6 7. f3 h5 8. Bc4 Bd7 9. Bb3 Bg7 10. O-O Na5 11. Qd3 Nxb3 12. axb3 O-O 13. h3 a6 14. f4 e5 15. Nde2 exf4 16. Rxf4 Re8 17. Bd4 Bc6 18. Raf1 Re6 19. Nd5 Bxd5 20. exd5 Nxd5 21. Rxf7 Be5 22. Bxe5 dxe5 23. Rf8+ 1-0


[Site "https://www.chess.com"]

[Event "Titled Tuesday Blitz July 25 Early 2023"]
[White "Bacrot, Etienne"]
[Black "Sarana, Alexey"]
[WhiteFideId "605506"]
[BlackFideId "24133795"]
[WhiteElo "2873"]
[BlackElo "3055"]
[Result "0-1"]
[Round "7"]
[TimeControl "180+2"]
[Date "2023.07.25"]
[WhiteClock "0:00:00"]
[BlackClock "0:00:03"]
[Board "7"]

1. e4 e5 2. Nf3 Nc6 3. Bc4 Bc5 4. d3 d6 5. Nc3 h6 6. Be3 Nge7 7. d4 exd4 8. Nxd4 O-O 9. Nxc6 Nxc6 10. Bxc5 dxc5 11. Qxd8 Rxd8 12. Nd5 Be6 13. O-O-O Kf8 14. f4 Nb4 15. f5 Nxd5 16. Bxd5 Bxd5 17. exd5 Re8 18. Rhe1 Re7 19. f6 gxf6 20. Rf1 Kg7 21. Rd3 Rd8 22. Rg3+ Kh7 23. c4 Rd6 24. Rgf3 Kg7 25. Rg3+ Kf8 26. Rh3 Re2 27. Rxh6 Kg7 28. Rh3 Rxg2 29. Rg3+ Rxg3 30. hxg3 c6 31. dxc6 Rxc6 32. Kd2 Rd6+ 33. Ke3 Ra6 34. a3 Rb6 35. Rf2 Re6+ 36. Kf4 Kg6 37. Rc2 Rd6 38. b4 Rd4+ 39. Ke3 b6 40. bxc5 bxc5 41. a4 a5 42. Kf3 f5 43. Rc3 Kg5 44. Rc2 Rd3+ 45. Kf2 Ra3 0-1


[Site "https://www.chess.com"]

[Event "Titled Tuesday Blitz July 25 Early 2023"]
[White "Sychev, Klementy"]
[Black "Pranav, V"]
[WhiteFideId "4114060"]
[BlackFideId "25060783"]
[WhiteElo "2847"]
[BlackElo "3007"]
[Result "1-0"]
[Round "7"]
[TimeControl "180+2"]
[Date "2023.07.25"]
[WhiteClock "0:00:07"]
[BlackClock "0:00:00"]
[Board "8"]

1. e4 e5 2. Nf3 Nc6 3. d4 exd4 4. c3 Nf6 5. e5 Ne4 6. Qe2 f5 7. exf6 d5 8. Nbd2 Qxf6 9. Nxe4 dxe4 10. Qxe4+ Qe6 11. Qxe6+ Bxe6 12. Bb5 dxc3 13. bxc3 O-O-O 14. O-O Bd5 15. Bg5 Re8 16. Nd4 Bc5 17. Nxc6 Bxc6 18. Bxc6 bxc6 19. Rfe1 Rhf8 20. Bh4 a5 21. Kf1 a4 22. Rxe8+ Rxe8 23. Re1 Rf8 24. Re4 a3 25. Bg3 Kd7 26. Ke2 Rb8 27. Kd3 Rb2 28. Re2 Rb1 29. Kc4 Bd6 30. Rd2 g6 31. h4 Ke6 32. Re2+ Kd7 33. Rd2 h6 34. Bf4 h5 35. Be3 Ke6 36. g3 Rb2 37. Kd3 Rb5 38. Re2 Kd7 39. Bd4 Rf5 40. Kc4 Rb5 41. Kd3 Rb1 42. Rd2 Ke6 43. c4 Bb4 44. Re2+ Kd7 45. Kc2 Rh1 46. Kb3 Rb1+ 47. Kc2 Rf1 48. Kd3 Rd1+ 49. Ke4 c5 50. Be5 Kc6 51. f3 Be1 52. Kf4 Bd2+ 53. Ke4 Bc1 54. f4 Bd2 55. f5 gxf5+ 56. Kxf5 Bc1 57. Kg6 Rf1 58. Kxh5 Rf5+ 59. Kg6 Rf3 60. g4 Rh3 61. h5 Rh1 62. g5 Rg1 63. Bf6 Rg4 64. h6 Rxc4 65. h7 Bb2 66. h8=Q 1-0


[Site "https://www.chess.com"]

[Event "Titled Tuesday Blitz July 25 Early 2023"]
[White "Duda, Jan-Krzysztof"]
[Black "Kezin, Roman"]
[WhiteFideId "1170546"]
[BlackFideId "24124621"]
[WhiteElo "3002"]
[BlackElo "2840"]
[Result "1-0"]
[Round "7"]
[TimeControl "180+2"]
[Date "2023.07.25"]
[WhiteClock "0:01:11"]
[BlackClock "0:00:01"]
[Board "9"]

1. e4 c5 2. g3 h5 3. Bg2 h4 4. g4 d5 5. exd5 Nf6 6. h3 Nxd5 7. d3 Nc6 8. Nc3 Nc7 9. b3 g6 10. Bb2 Bg7 11. Bxc6+ bxc6 12. Qd2 Ne6 13. Na4 Qd5 14. Bxg7 Nxg7 15. Qc3 Qxh1 16. Qxg7 Qxg1+ 17. Ke2 Bxg4+ 18. Ke3 Qg2 19. Qxh8+ Kd7 20. Nxc5+ Kc7 21. Qe5+ Kb6 22. hxg4 Qxg4 23. Ne4 Qd7 24. Rh1 h3 25. Qc5+ Kb7 26. Qc4 Kc7 27. Qxf7 Rh8 28. Qg7 Qd8 29. Qxg6 Rg8 1-0


[Site "https://www.chess.com"]

[Event "Titled Tuesday Blitz July 25 Early 2023"]
[White "Kevlishvili, Robby"]
[Black "Kravtsiv, Martyn"]
[WhiteFideId "1040634"]
[BlackFideId "14113147"]
[WhiteElo "3001"]
[BlackElo "2838"]
[Result "0-1"]
[Round "7"]
[TimeControl "180+2"]
[Date "2023.07.25"]
[WhiteClock "0:00:02"]
[BlackClock "0:00:27"]
[Board "10"]

1. e4 e5 2. Nf3 Nc6 3. Bb5 a6 4. Ba4 Nf6 5. d3 b5 6. Bb3 Be7 7. a4 b4 8. a5 d6 9. O-O O-O 10. Nbd2 Be6 11. Nc4 Rb8 12. h3 Qc8 13. Be3 h6 14. Nfd2 d5 15. exd5 Nxd5 16. Ba4 Qb7 17. Bxc6 Qxc6 18. Nxe5 Qb5 19. Nec4 Rfe8 20. Bd4 Rbd8 21. Qf3 c5 22. Be5 f6 23. Bg3 Bf8 24. Rfe1 Bf7 25. Ne4 Qd7 26. Nb6 Qb5 27. Nxd5 Bxd5 28. Bc7 Rd7 29. Bb6 Qc6 30. Qg4 Rde7 31. Re3 Re5 32. Qg3 Bxe4 33. dxe4 Rxe4 34. Rae1 Rxe3 35. Rxe3 c4 36. Qg6 Rxe3 37. Bxe3 Qd5 38. g3 Qxa5 39. Qe8 Qd5 40. Kh2 a5 41. b3 cxb3 42. cxb3 Qxb3 43. Bc5 Qf7 44. Qa8 b3 45. Ba3 a4 46. Bb2 Kh7 47. Qxa4 Qd5 48. Qf4 Bd6 49. Qe3 Be5 50. Bxe5 fxe5 51. Qc3 Qb5 52. Qb2 Qd3 53. Qxe5 Qc2 0-1


[Site "https://www.chess.com"]

[Event "Titled Tuesday Blitz July 25 Early 2023"]
[White "Xiong, Jeffery"]
[Black "Ashraf, Artin"]
[WhiteFideId "2047640"]
[BlackFideId "22514805"]
[WhiteElo "2997"]
[BlackElo "2808"]
[Result "0-1"]
[Round "7"]
[TimeControl "180+2"]
[Date "2023.07.25"]
[WhiteClock "0:00:01"]
[BlackClock "0:00:03"]
[Board "11"]

1. e4 c5 2. Nf3 d6 3. Nc3 a6 4. d4 cxd4 5. Qxd4 Nc6 6. Qd3 Nf6 7. Nd5 e6 8. Nxf6+ gxf6 9. c3 Ne5 10. Qe3 Qc7 11. Be2 Bd7 12. O-O Be7 13. Rd1 Rg8 14. a4 Rg6 15. Nd4 O-O-O 16. Bf1 d5 17. exd5 Ng4 18. Qh3 exd5 19. Qh5 Bd6 20. g3 Nxf2 21. Kxf2 Bxg3+ 22. hxg3 Qxg3+ 23. Ke2 Bg4+ 24. Qxg4+ Rxg4 25. Kd2 Qf2+ 26. Be2 Re8 27. Re1 Rge4 28. Kd1 Rxe2 29. Nxe2 h5 30. Bf4 h4 31. Kd2 h3 32. Bg3 Qe3+ 33. Kc2 Qf3 34. Kd2 Qg2 35. Kd3 f5 36. Bf4 Re4 37. Be3 h2 38. Nd4 f4 39. Bxf4 Rxf4 40. Re8+ Kd7 41. Rae1 Qg3+ 42. Kc2 Re4 43. Re7+ Rxe7 44. Rxe7+ Kd8 45. Rxf7 Qg6+ 46. Rf5 h1=Q 0-1


[Site "https://www.chess.com"]